 Dungeon Crawl Stone Soup version 0.23-a0-607-g760965b (webtiles) character file.

33 galech the Skirmisher (level 3, 27/29 HPs)
             Began as a Demonspawn Fighter on Dec 20, 2018.
             Quit the game on level 1 of the Dungeon.
             The game lasted 00:00:43 (540 turns).

galech the Skirmisher (Demonspawn Fighter)           Turns: 540, Time: 00:00:44

Health: 27/29      AC:  6    Str: 16    XL:     3   Next: 12%
Magic:  3/3        EV:  6    Int:  9    God:
Gold:   59         SH:  8    Dex: 13    Spells: 2/2 levels left

rFire    . . .     SeeInvis .   a - +0 war axe
rCold    . . .     Gourm    .   c - +0 shield
rNeg     . . .     Faith    .   b - +0 scale mail
rPois    .         Spirit   .   (helmet restricted)
rElec    .         Reflect  .   (no cloak)
rCorr    .         Harm     .   (no gloves)
MR       .....                  (no boots)
Stlth    +.........             (no amulet)
HPRegen  0.09/turn              (no ring)
MPRegen  0.08/turn              (no ring)

@: no status effects
A: antennae 1, nightstalker 1
a: no special abilities


You were on level 1 of the Dungeon.
You were not hungry.

You visited 1 branch of the dungeon, and saw 1 of its levels.

You collected 59 gold pieces.

Inventory:

Hand Weapons
 a - a +0 war axe (weapon)
Armour
 b - a +0 scale mail (worn)
 c - a +0 shield (worn)
Scrolls
 e - a scroll of amnesia {unknown}
 i - 2 scrolls of identify {unknown}
 k - a scroll of remove curse {unknown}
Potions
 d - a potion of might
 h - 2 potions of curing {unknown}
 j - a potion of heal wounds {unknown}
Comestibles
 f - 4 rations
 g - 10 chunks of flesh


   Skills:
 + Level 3.4 Fighting
 + Level 2.4 Axes
 + Level 2.9 Armour
 + Level 2.8 Shields


You had 2 spell levels left.
You didn't know any spells.
Your spell library was empty.

Dungeon Overview and Level Annotations

Branches:
Dungeon (1/15)

Altars:


Innate Abilities, Weirdness & Mutations

You have a pair of small antennae on your head.
You are slightly more attuned to the shadows.


Message History

You hit the ooze.
The ooze is heavily wounded.
You block the ooze's attack. The ooze hits you.
You hit the ooze.
You kill the ooze!
You have reached level 3!
Your experience leads to an increase in your attributes!
Increase (S)trength, (I)ntelligence, or (D)exterity?
You feel agile.
Your demonic ancestry asserts itself...
You slip into the darkness of the dungeon.
The kobold throws a stone.
You block the stone. The kobold hits you but does no damage.
You slash the kobold!
You kill the kobold!
No target in view!
No target in view!
No target in view!
No target in view!
No target in view!
Are you sure you want to abandon this character and quit the game? (Confirm

# ###### ## ?..... #.
...... ###. ......
##... ......#####
##..#. .....(@(.(####
#..##.
##....###....#####.###.
#.... ####.........#.
##... ########..##...
##.. (..............
##. #######.###.##. #.
#.# #.##. # ######.#
#.##. #. #..)...# #.###


There were no monsters in sight!

Vanquished Creatures
  An ooze (D:1)
  2 dart slugs (D:1)
  A ball python (D:1)
  6 goblins (D:1)
  4 hobgoblins (D:1)
  4 kobolds (D:1)
  2 bats (D:1)
  A frilled lizard (D:1)
  A rat (D:1)
22 creatures vanquished.

Notes
Turn   | Place    | Note
-------+----------+-------------------------------------------
     0 | D:1      | galech the Demonspawn Fighter began the quest for the Orb.
     0 | D:1      | Reached XP level 1. HP: 18/18 MP: 1/1
   112 | D:1      | Gained mutation: You have a pair of small antennae on your
                  | head. [demonic ancestry]
   112 | D:1      | Reached XP level 2. HP: 17/24 MP: 2/2
   537 | D:1      | Gained mutation: You are slightly more attuned to the
                  | shadows. [demonic ancestry]
   537 | D:1      | Reached XP level 3. HP: 27/29 MP: 3/3
   540 | D:1      | Quit the game

Vault maps used:
D:1:      dpeg_arrival_chase

Skill      XL: |  1 |
---------------+----+-----
Axes           | 2 |  2.4
Fighting       | |  3.4
Armour         | |  2.9
Shields        | |  2.8

Action                   || total
-------------------------++-------
Melee: War axe           ||    67
Armor: Scale mail        ||    33
Dodge: Dodged            ||    20
Block: Shield            ||    38

Table legend:
 A = Non-vault XP
 B = Vault XP
 C = Vault XP percentage of total XP
 D = Non-vault monster count
 E = Vault monster count
 F = Vault count percentage of total count
                 A         B        C        D         E       F
            +---------+---------+-------+---------+---------+-------
      Total |      48 |       0 |   0.0 |      22 |       0 |   0.0
            +---------+---------+-------+---------+---------+-------
        D:1 |      48 |       0 |   0.0 |      22 |       0 |   0.0
            +---------+---------+-------+---------+---------+-------
